 Dungeon Crawl Stone Soup version 0.30-a0-782-ge64f9170bb (webtiles) character file.

Game seed: 4271313562991887713

25636 Ijustatesigmund the Protected (level 13, -6/85 HPs)
             Began as a Gargoyle Fighter on Feb 17, 2023.
             Was a Priest of Ashenzari.
             Mangled by Snorg (12 damage)
             ... on level 14 of the Dungeon on Feb 20, 2023.
             The game lasted 00:33:33 (14215 turns).

Ijustatesigmund the Protected (Gargoyle Fighter)   Turns: 14215, Time: 00:33:34

Health: -6/85      AC: 37    Str: 27    XL:     13   Next: 20%
Magic:  19/19      EV: 12    Int: 11    God:    Ashenzari [***...]
Gold:   597        SH:  8    Dex: 14    Spells: 19/20 levels left

rFire   + . .      SeeInvis +    a - +5 morningstar
rCold   + . .      Faith    .    c - +1 buckler "Eternal With Me" {Elem, Cun} (curse)
rNeg    + + .      Spirit   .    b - +0 gold dragon scales
rPois   ∞          Reflect  .    M - +2 helmet "Ikeamnue" {rN+ Dex+3}
rElec   +          Harm     .    (no cloak)
rCorr   .          Rampage  .    (no gloves)
Will    .....      Clarity  +    e - +2 pair of boots of Supernal Wisdom {Melee, Evo} (curse) Stlth
                                 g - amulet "Omniscient Irritation" {Acrobat, Cun, Fort} (curse)
HPRegen 0.34/turn                f - ring of Ashenzari's Prison {Str+6, Evo, Fort} (curse)
MPRegen 0.16/turn                p - ring "Per Aspera Ad Scientiam" {EV+5, Cun, Self} (curse)

@: hasted, very quick
A: sickness immunity, AC +9, negative energy resistance 1, electricity
resistance, torment resistance 1, petrification resistance, mutation resistance
1
a: Renounce Religion, Curse Item, Shatter the Chains


You were on level 14 of the Dungeon.
You worshipped Ashenzari.
Ashenzari was most pleased with you.
You visited 2 branches of the dungeon, and saw 15 of its levels.
You visited the Abyss 1 time.

You collected 1075 gold pieces.
You spent 478 gold pieces at shops.

Inventory:

Hand Weapons
 a - a +5 morningstar (weapon)
Missiles
 n - 2 curare-tipped darts (quivered)
Armour
 b - +0 gold dragon scales (worn)
 c - the cursed +1 buckler "Eternal With Me" (worn) {Elem, Cun}

   It has a curse which improves the following skills: Elements: Fire Magic, Ice
   Magic, Air Magic and Earth Magic.
   Cunning:   Dodging and Stealth.
 e - the cursed +2 pair of boots of Supernal Wisdom (worn) {Melee, Evo}
   (You found it on level 3 of the Dungeon)

   It has a curse which improves the following skills: Melee Combat: Short
   Blades, Long Blades, Axes, Maces & Flails, Polearms, Staves and Unarmed
   Combat.
   Evocations: Evocations.
 M - the +2 helmet "Ikeamnue" (worn) {rN+ Dex+3}
   (You bought it in a shop on level 12 of the Dungeon)

   Dex:       It affects your dexterity (+3).
   rN:        It protects you from negative energy.
Magical Staves
 m - a staff of fire
 E - a staff of fire
Jewellery
 f - the cursed ring of Ashenzari's Prison (left hand) {Str+6, Evo, Fort}
   (You found it on level 1 of the Dungeon)

   [ring of strength]

   Str:       It affects your strength (+6).
   It has a curse which improves the following skills: Evocations: Evocations.
   Fortitude: Armour and Shields.
 g - the cursed amulet "Omniscient Irritation" (around neck) {Acrobat, Cun, Fort}
   (You found it on level 5 of the Dungeon)

   [amulet of the acrobat]

   It increases your evasion while moving and waiting.
   It has a curse which improves the following skills: Cunning: Dodging and
   Stealth.
   Fortitude: Armour and Shields.
 j - a +6 ring of intelligence
 p - the cursed ring "Per Aspera Ad Scientiam" (right hand) {EV+5, Cun, Self}
   (You found it on level 3 of the Dungeon)

   [ring of evasion]

   EV:        It affects your evasion (+5).
   It has a curse which improves the following skills: Cunning: Dodging and
   Stealth.
   Introspection: Fighting and Spellcasting.
 s - a ring of protection from fire
 u - a ring of ice
 x - a ring of willpower
 G - a ring of resist corrosion
 L - a ring of positive energy
 N - a ring of flight
Wands
 B - a wand of flame (33)
 P - a wand of charming (1)
Scrolls
 h - 3 scrolls of torment
 i - a scroll of teleportation
 k - a scroll of enchant armour
 t - 4 scrolls of poison
 y - 2 scrolls of fog
 A - 4 scrolls of silence
 D - 3 scrolls of enchant weapon
 I - a scroll of amnesia
 J - 2 scrolls of magic mapping
 K - a scroll of butterflies
Potions
 d - 3 potions of lignification
 l - a potion of resistance
 o - a potion of attraction
 q - 4 potions of flight
 r - a potion of ambrosia
 v - a potion of magic
 w - 2 potions of haste
 z - 3 potions of brilliance
 C - 2 potions of curing
 F - 2 potions of might
 H - a potion of mutation
 O - a potion of berserk rage


   Skills:
 + Level 10.2(11.8) Fighting
 + Level 12.1(13.6) Maces & Flails
 + Level 13.1(15.4) Armour
 - Level 2.1(4.5) Dodging
 - Level 8.2(10.7) Shields
 + Level 2.9(4.3) Spellcasting
 - Level 4.0(5.5) Fire Magic
 - Level 6.6(9.1) Evocations


You had 19 spell levels left.
You knew the following spells:

 Your Spells              Type           Power      Damage    Failure   Level
a - Foxfire               Conj/Fire      32%        2x1d5     87%         1

Your spell library contained the following spells:

 Spells                   Type           Power      Damage    Failure   Level
 Kiss of Death            Conj/Necr      8%         2d6       99%         1
 Inner Flame              Hex/Fire       8%         N/A       99%         3
 Poisonous Vapours        Pois/Air       4%         N/A       100%        2
 Call Canine Familiar     Summ           2%         N/A       100%        3
 Confusing Touch          Hex            2%         N/A       100%        3
 Dazzling Flash           Conj/Hex       4%         N/A       100%        3
 Gell's Gravitas          Tloc           2%         N/A       100%        3
 Mephitic Cloud           Conj/Pois/Air  2%         N/A       100%        3
 Portal Projectile        Hex/Tloc       4%         N/A       100%        3
 Teleport Other           Tloc           2%         N/A       100%        3
 Dispel Undead            Necr           2%         3d7       100%        4
 Flame Wave               Conj/Fire      8%         2d5       100%        4
 Iskenderun's Mystic Bla  Conj/Tloc      2%         2d3       100%        4
 Leda's Liquefaction      Hex/Erth       1%         N/A       100%        4
 Sticky Flame             Conj/Fire      8%         2d3       100%        4
 Fireball                 Conj/Fire      4%         3d4       100%        5
 Lee's Rapid Deconstruct  Erth           1%         3d4*      100%        5
 Dispersal                Tloc           1%         N/A       100%        6
 Starburst                Conj/Fire      4%         6d3       100%        6
 Cigotuvi's Dreadful Rot  Necr/Pois/Air  Unusable   N/A       N/A         2
 Statue Form              Tmut/Erth      Unusable   N/A       N/A         6

Dungeon Overview and Level Annotations

Branches:
Dungeon (14/15)            Temple (1/1) D:5            Lair (0/5) D:9
    Orc (0/2) D:12         Vaults (0/5) D:14

Altars:
Ashenzari
Cheibriados
Dithmenos
Elyvilon
Fedhas
Gozag
Hepliaklqana
Kikubaaqudgha
Makhleb
Nemelex Xobeh
Okawaru
Qazlal
Ru
Sif Muna
Trog
Uskayaw
Vehumet
Wu Jian
Xom
Yredelemnul
Zin
The Shining One

Shops:
D:2 *   D:4 *   D:12 [(

Portals:
Trove: D:10 (give 5 potions of resistance)

Annotations:
D:14 Snorg


Innate Abilities, Weirdness & Mutations

You are immune to sickness and miasma.
Your stone body is resilient. (AC +9)
You are immune to poison.
You resist negative energy. (rN+)
You are resistant to electric shocks. (rElec)
You are resistant to unholy torment.
You are immune to petrification.
You are somewhat resistant to further mutation.


Message History

Throw: 3 darts (curare)
Press: ? - help, Q - select action, (/) - cycle Shift-Dir - straight line, f/p - Snorg
Aim: Snorg (moderately wounded, extremely poisoned, slow, 64% to hit)
You throw a curare-tipped dart.
The curare-tipped dart barely misses Snorg.
Snorg shakes off her lethargy.
Snorg goes berserk!
You hit Snorg.
Snorg is moderately wounded.
Snorg bites you but does no damage. You block Snorg's attack. Snorg claws you!
You sock Snorg!
Snorg is moderately wounded.
You block Snorg's attack. x2; Snorg closely misses you.
You hit Snorg.
Snorg is heavily wounded.
Snorg closely misses you. Snorg claws you but does no damage. x2
Snorg bites you but does no damage. Snorg claws you.
Snorg claws you but does no damage.
You impale Snorg!!
Snorg is heavily wounded.
Snorg closely misses you. You block Snorg's attack. Snorg barely misses you.
You sock Snorg!
Snorg is severely wounded.
Snorg bites you. Snorg claws you but does no damage. x2
You sock Snorg!
Snorg is severely wounded.
Snorg bites you but does no damage. Snorg claws you but does no damage. x2
You sock Snorg!
Snorg is almost dead.
Snorg bites you but does no damage. You block Snorg's attack.
Snorg claws you but does no damage. Snorg bites you!!
* * * LOW HITPOINT WARNING * * *
You block Snorg's attack. Snorg claws you but does no damage.
You bludgeon Snorg!!
Snorg is almost dead.
Snorg closely misses you. x2; Snorg barely misses you.
You feel yourself speed up. You block Snorg's attack. Snorg claws you!
* * * LOW HITPOINT WARNING * * *
Snorg claws you but does no damage. You block Snorg's attack. x2
Snorg claws you!
You die...

, , ,, , , , ** , ,
, , ....... , ,, ,
, *....... , , *
.....T.* , , , *
....... ,, , , ,
.......*, ,, , , ,
,
#......##+##+###...
, ,
*#..(..(.T@........
##................
, ##...............
, ,###########...##
, ,, , {, *.### ,,
, , ,* # ** , ,,, ,
* ,, , , , , ,,, ,


You could see Snorg (berserk, very poisoned).

Vanquished Creatures
  Fannar (D:11)
  2 rakshasas
  A hydra (D:8)
  A death knight (D:13)
  A catoblepas (D:14)
  A boulder beetle (D:12)
  4 two-headed ogres
  3 tengu warriors
  A skeletal warrior (D:12)
  Lodul (D:10)
  4 slime creatures (D:12)
  2 deep elf pyromancers
  A necromancer (D:14)
  2 cyclopes
  An unseen horror (D:13)
  5 trolls
  2 dream sheep (D:8)
  6 vampires
  Sigmund (D:4)
  A shadow (D:11)
  6 wyverns
  6 wraiths
  8 yaks
  A basilisk (D:12)
  10 vampire mosquitoes
  Menkaure (D:4)
  2 steam dragons
  4 water moccasins
  3 acid dragons
  Duvessa (D:7)
  4 orc warriors
  2 sky beasts
  An ice beast (D:7)
  3 black bears
  6 ogres (D:10)
  The ghost of Errthou the Changer, an amateur DrWn (D:3)
  2 wolves
  13 centaurs
  A phantom (D:4)
  3 bullfrogs
  5 kobold brigands
  2 necrophages
  6 scorpions
  4 killer bees
  3 howler monkeys (D:9)
  5 hounds
  An orc priest (D:3)
  2 jellies (D:5)
  A gnoll bouda (D:9)
  3 iguanas
  3 orc wizards
  3 gnolls (D:9)
  10 adders
  A shadow imp (D:6)
  5 white imps
  2 worms (D:2)
  4 dart slugs
  35 orcs
  7 endoplasms
  8 goblins
  11 hobgoblins
  5 jackals
  5 quokkas
  11 ball pythons
  6 bats
  14 frilled lizards
  19 kobolds
  7 rats
307 creatures vanquished.

Vanquished Creatures (others)
  A centaur (D:11)
  An orc priest (D:5)
  An orc wizard (D:5)
  8 plants
11 creatures vanquished.

Grand Total: 318 creatures vanquished

Notes
Turn   | Place    | Note
-------+----------+-------------------------------------------
     0 | D:1      | Ijustatesigmund the Gargoyle Fighter began the quest for
                  | the Orb.
     0 | D:1      | Reached XP level 1. HP: 14/14 MP: 1/1
    64 | D:1      | Reached XP level 2. HP: 12/19 MP: 2/2
   368 | D:1      | Reached XP level 3. HP: 21/23 MP: 3/3
   950 | D:2      | Found a stormy altar of Qazlal.
   973 | D:2      | Found Suetz's Assorted Antiques.
  1029 | D:2      | Reached XP level 4. HP: 26/29 MP: 4/4
  1116 | D:2      | Reached skill level 4 in Armour
  1157 | D:2      | Gained mutation: You are somewhat resistant to further
                  | mutation. [potion of mutation]
  1643 | D:3      | Reached XP level 5. HP: 18/33 MP: 5/5
  1821 | D:3      | You fall into a shaft and drop 2 floors!
  1821 | D:5      | Entered Level 5 of the Dungeon
  1856 | D:5      | Reached XP level 6. HP: 36/39 MP: 6/6
  1936 | D:5      | Noticed a black bear
  1946 | D:5      | Killed a black bear
  2185 | D:4      | Noticed Menkaure
  2193 | D:4      | Killed Menkaure
  2194 | D:4      | Reached skill level 5 in Fighting
  2194 | D:4      | Reached skill level 5 in Armour
  2194 | D:4      | Reached skill level 5 in Shields
  2194 | D:4      | Reached XP level 7. HP: 28/44 MP: 7/7
  2425 | D:4      | Found Deijedus's General Store.
  2447 | D:4      | Bought a scroll of teleportation for 30 gold pieces
  2469 | D:4      | Noticed Sigmund
  2799 | D:4      | Killed Sigmund
  2800 | D:4      | Reached XP level 8. HP: 22/51 MP: 8/8
  3403 | D:3      | Found a runed translucent gate.
  3403 | D:3      | Noticed Errthou's ghost (amateur DrWn)
  3404 | D:3      | Found a runed translucent gate.
  3405 | D:3      | Found a runed translucent gate.
  3405 | D:3      | Identified the +1 leather armour of Leaves {rElec rPois
                  | Int+3 SInv}
  3452 | D:3      | Killed Errthou's ghost
  3453 | D:3      | Reached skill level 5 in Maces & Flails
  3453 | D:3      | Reached skill level 6 in Armour
  4025 | D:5      | Found a staircase to the Ecumenical Temple.
  4069 | Temple   | Entered the Ecumenical Temple
  4624 | D:6      | Found a hazy altar of Hepliaklqana.
  4683 | D:6      | Identified the +6 falchion of Cueguuze {flame, Int+3}
  4687 | D:6      | Found an ornate altar of the Wu Jian Council.
  4687 | D:6      | Found a bloodstained altar of Trog.
  4688 | D:6      | Found a blossoming altar of Fedhas.
  4689 | D:6      | Found a glowing golden altar of the Shining One.
  4700 | D:6      | Found a burning altar of Makhleb.
  4724 | D:6      | Identified the +1 ring mail of the Mackerel {Rampage rN+}
  4731 | D:6      | Reached XP level 9. HP: 57/57 MP: 9/9
  4749 | D:6      | Reached skill level 7 in Armour
  4952 | D:7      | Noticed Duvessa
  4968 | D:7      | Killed Duvessa
  6245 | D:8      | Found a radiant altar of Vehumet.
  6454 | D:8      | Found a sand-covered staircase.
  6702 | D:8      | Reached skill level 8 in Armour
  6706 | D:8      | Upgraded the game from 0.30-a0-779-g7971cf19c3 to
                  | 0.30-a0-782-ge64f9170bb
  6733 | D:8      | Noticed a two-headed hydra
  6741 | D:8      | Killed a two-headed hydra
  6742 | D:8      | Reached XP level 10. HP: 51/65 MP: 10/10
  7255 | D:9      | Found a staircase to the Lair.
  7262 | D:9      | Reached skill level 1 in Evocations
  7276 | D:9      | Reached skill level 9 in Armour
  7696 | D:9      | Found a broken altar of Ashenzari.
  7714 | D:9      | Reached skill level 10 in Maces & Flails
  7739 | D:9      | Became a worshipper of Ashenzari the Shackled
  8022 | D:9      | Identified the +1 pair of boots of Siozur {rElec Stlth+}
  8374 | D:10     | Entered Level 10 of the Dungeon
  8405 | D:10     | Noticed a two-headed ogre
  8673 | D:10     | Reached XP level 11. HP: 53/71 MP: 11/11
  8882 | D:10     | Killed a two-headed ogre
  8883 | D:10     | Reached skill level 10 in Armour
  8950 | D:10     | Reached * piety under Ashenzari
  9096 | D:10     | Noticed Lodul
  9103 | D:10     | Killed Lodul
  9104 | D:10     | Reached skill level 1 in Dodging
  9308 | D:10     | Found a portal to a secret trove of treasure.
  9619 | D:11     | Noticed a cyclops
  9831 | D:11     | Killed a cyclops
  9987 | D:11     | Reached ** piety under Ashenzari
 10083 | D:11     | Reached skill level 11 in Armour
 10205 | D:11     | Noticed Fannar
 10218 | D:11     | Killed Fannar
 10931 | D:12     | Noticed a two-headed ogre
 10946 | D:12     | Killed a two-headed ogre
 10947 | D:12     | Reached skill level 5 in Evocations
 10947 | D:12     | Reached XP level 12. HP: 20/76 MP: 12/12
 11408 | D:12     | Noticed a two-headed ogre
 11422 | D:12     | Killed a two-headed ogre
 11455 | D:12     | Found Ijaeneas's Armour Shoppe.
 11464 | D:12     | Found a staircase to the Orcish Mines.
 11466 | D:12     | Found Hiyxt's Weapon Shoppe.
 11497 | D:12     | Bought the +2 helmet "Ikeamnue" {rN+ Dex+3} for 448 gold
                  | pieces
 11505 | D:12     | Learned a level 1 spell: Foxfire
 11568 | D:12     | Reached skill level 12 in Armour
 11583 | D:12     | Reached skill level 1 in Fire Magic
 12131 | D:13     | Noticed a tengu warrior
 12132 | D:13     | Noticed a rakshasa
 12155 | D:12     | Killed a tengu warrior
 12206 | D:13     | Noticed a boulder beetle
 12235 | D:12     | Killed a boulder beetle
 12559 | D:12     | Killed a rakshasa
 12724 | D:13     | Noticed a tengu warrior
 12725 | D:13     | Noticed a tengu warrior
 12748 | D:12     | Killed a tengu warrior
 12856 | D:13     | Killed a tengu warrior
 12858 | D:13     | Reached *** piety under Ashenzari
 12904 | D:13     | Noticed a death knight
 12918 | D:13     | Killed a death knight
 13099 | D:12     | Reached skill level 1 in Spellcasting
 13160 | D:13     | Noticed a rakshasa
 13280 | D:13     | Killed a rakshasa
 13563 | D:13     | Reached XP level 13. HP: 81/84 MP: 17/17
 13831 | D:14     | Reached skill level 10 in Fighting
 13899 | D:14     | Reached skill level 13 in Armour
 14003 | D:14     | Found a gate to the Vaults.
 14165 | D:14     | Noticed a rakshasa
 14165 | Abyss:2  | Found a corrupted altar of Lugonu.
 14165 | Abyss:2  | Cast into level 2 of the Abyss (a wizard)
 14187 | D:14     | Escaped the Abyss
 14197 | D:14     | Noticed Snorg
 14215 | D:14     | Mangled by Snorg

Illustrated notes

Levels and vault maps discovered:
D:1:      lemuel_arrival_behind_the_door_large, layout_loops_ring,
          serial_bayou_pond_d, minmay_lizard_king
D:2:      layout_loops_ring, basic_altar, serial_shops,
          nicolae_shop_competitors_out_of_business
D:3:      layout_loops_cross, biasface_ghost_orc_armoury
D:4:      layout_cave_pods, serial_shops, shop, uniq_sigmund, uniq_menkaure
D:5:      layout_loops_ring, minmay_temple_entry_poolview
D:6:      layout_rooms, grunt_temple_overflow_open
D:7:      layout_loops_ring, nicolae_concentric_dashed_squares_wild,
          roderic_three_in_a_row, chequers_serial_rivers_marsh, uniq_duvessa
D:8:      layout_layer_cave, nicolae_vehumet_altar_sigil,
          lightli_ossuary_entry_decrepit_ruins, minmay_misc_feat_tiny,
          hangedman_ranch
D:9:      layout_grid_maze, cheibrodos_ashenzari_chains, minmay_lair_entry_grove
D:10:     layout_basic, nicolae_trove_entry_free_sample, uniq_lodul
D:11:     layout_layer_cave, uniq_fannar
D:12:     layout_basic, orc_david_3
D:13:     layout_rooms
D:14:     kennysheep_tiny_hell, layout_irregular_city, david_vaults_1,
          minmay_door_square, uniq_snorg
Temple:   nicolae_temple_ecumenical_triangle

Skill      XL: |  1  2  3  4  5  6  7  8  9 10 11 12 13 |
---------------+----------------------------------------+-----
Fighting       | 4 5 7 8 9 10 | 10.2
Armour         | 4 5 6 8 9 11 12 13 | 13.1
Shields        | 4 5 6 8 |  8.2
Maces & Flails | 3 4 6 9 10 11 12 | 12.1
Evocations     | 2 5 6 |  6.6
Dodging        | 2 |  2.1
Fire Magic     | 4 |  4.0
Spellcasting   | 1 2 |  2.9

Action                     |  1- 3 |  4- 6 |  7- 9 | 10-12 | 13-15 || total
---------------------------+-------+-------+-------+-------+-------++-------
  Melee: Flail             |   167 |   139 |   166 |       |       ||   472
         Morningstar       |       |       |   219 |   616 |    63 ||   898
  Throw: Dart              |       |       |     1 |     5 |     5 ||    11
 Invoke: Curse Item        |       |       |       |     5 |       ||     5
  Evoke: Wand              |       |       |       |    10 |     3 ||    13
    Use: Scroll            |     2 |     7 |    14 |     5 |     1 ||    29
         Potion            |       |     1 |     3 |     5 |     1 ||    10
   Stab: Invisible         |       |       |       |     3 |       ||     3
 Armour: Scale mail        |   107 |   120 |   213 |   131 |       ||   571
         Gold dragon scale |       |       |       |   283 |    52 ||   335
  Dodge: Dodged            |    88 |    83 |   244 |   468 |    31 ||   914
  Block: Buckler           |    42 |    52 |    98 |   266 |    25 ||   483

Table legend: (Time is in decaauts)
 A = Elapsed time spent in this place.
 B = Non-inter-level travel time spent in this place.
 C = Inter-level travel time spent in this place.
 D = Time resting spent in this place.
 E = Time spent auto-exploring this place.
 F = Levels seen in this place.
 G = Mean time per level.
                   A        B        C        D        E       F      G
               +--------+--------+--------+--------+--------+-----+--------+
         Total |  14378 |  13736 |    642 |   2171 |   8729 |  16 |  898.6 |
       Dungeon |  14309 |  13668 |    641 |   2171 |   8696 |  14 | 1022.1 |
        Temple |     47 |     47 |      0 |      0 |     21 |   1 |   47.0 |
         Abyss |     21 |     21 |      0 |      0 |     12 |   1 |   21.0 |
               +--------+--------+--------+--------+--------+-----+--------+

Top non-repeatable levels by time:
    D:12: 2071 daAuts
     D:8: 1438 daAuts
    D:11: 1385 daAuts
     D:9: 1303 daAuts
     D:5: 1004 daAuts
    D:10: 972 daAuts
     D:1: 971 daAuts
     D:4: 946 daAuts
     D:3: 945 daAuts
     D:7: 910 daAuts
    D:13: 772 daAuts
     D:2: 711 daAuts
     D:6: 479 daAuts
    D:14: 395 daAuts
  Temple: 47 daAuts
